 Dungeon Crawl Stone Soup version 0.28-a0-1395-g4f6bc678fa (webtiles) character file.

Game seed: 15217187967347335183

23 gimp the Chucker (level 2, -1/22 HPs)
             Began as a Mummy Wanderer on Jan 5, 2022.
             Slain by a hobgoblin (8 damage)
             ... on level 2 of the Dungeon.
             The game lasted 00:01:21 (1598 turns).

gimp the Chucker (Mummy Wanderer)                   Turns: 1598, Time: 00:01:21

Health: -1/22      AC:  3    Str: 13    XL:     2   Next: 72%
Magic:  4/4        EV: 11    Int: 11    God:
Gold:   40         SH:  0    Dex: 13    Spells: 2/3 levels left

rFire   x . .      SeeInvis +   a - +2 mace
rCold   + . .      Faith    .   (no shield)
rNeg    + + +      Spirit   .   d - +0 leather armour
rPois   ∞          Reflect  .   (no helmet)
rElec   .          Harm     .   (no cloak)
rCorr   .          Rampage  .   (no gloves)
Will    .....                   (no boots)
Stlth   +.........              (no amulet)
HPRegen 0.07/turn               h - ring of see invisible
MPRegen 0.09/turn               (no ring)

@: no status effects
A: cold resistance 1, negative energy resistance 3, torment resistance 2, heat
vulnerability 1, no potions
a: no special abilities


You were on level 2 of the Dungeon.
You visited 1 branch of the dungeon, and saw 2 of its levels.

You collected 40 gold pieces.

Inventory:

Hand Weapons
 a - a +2 mace (weapon)
 c - a +0 dagger
Missiles
 b - 13 poisoned darts (quivered)
Armour
 d - a +0 leather armour (worn)
Jewellery
 h - a ring of see invisible (left hand)
Scrolls
 e - a scroll of identify {unknown}
 f - a scroll of fear {unknown}
 g - a scroll of blinking {unknown}
 i - a scroll of teleportation {unknown}


   Skills:
 * Level 2.0 Fighting
 + Level 2.0 Maces & Flails
 - Level 2.4 Throwing
 - Level 1.5 Dodging
 - Level 1.3 Spellcasting
 - Level 1.5 Summonings


You had 2 spell levels left.
You knew the following spells:

 Your Spells              Type           Power      Damage    Failure   Level
a - Summon Small Mammal   Summ           16%        N/A       22%         1

Your spell library contained the following spells:

 Spells                   Type           Power      Damage    Failure   Level
 Call Canine Familiar     Summ           4%         N/A       54%         3


Dungeon Overview and Level Annotations

Branches:
Dungeon (2/15)

Altars:


Innate Abilities, Weirdness & Mutations

You are immune to poison.
Your flesh is cold resistant. (rC+)
You are immune to negative energy. (rN+++)
You are immune to unholy pain and torment.
You are vulnerable to heat. (rF-)
You do not drink.


Message History

The bat hits you but does no damage. The worm bites you!
You take 8 damage, and have 8/22 hp.
MASSIVE DAMAGE!!
You are too injured to fight recklessly!
You are too injured to fight recklessly!
The bat hits you but does no damage. The bat barely misses you.
The bat closely misses you. The bat closely misses you.
There is an open door here.
The bat barely misses you. The bat closely misses you.
The bat hits you but does no damage. The bat hits you but does no damage.
The worm closely misses you.
There is an open door here.
The bat barely misses you. The bat closely misses you.
You closely miss the bat. The bat hits you but does no damage. x2
The hobgoblin shouts!
The hobgoblin hits you with a +0 whip.
You take 3 damage, and have 7/22 hp.
The bat closely misses you. The bat hits you but does no damage.
You are too injured to fight recklessly!
You are too injured to fight recklessly!
The bat completely misses you.
You closely miss the bat. The bat barely misses you.
The bat hits you but does no damage.
You hit the bat but do no damage. The bat hits you but does no damage.
The bat barely misses you. The bat hits you.
You take 1 damage, and have 7/22 hp.
You barely miss the bat. The bat closely misses you.
The bat hits you but does no damage. x2
You closely miss the bat. The bat barely misses you.
The bat hits you but does no damage. x2
You hit the bat.
The bat is severely wounded.
The bat closely misses you. The bat hits you but does no damage.
The bat closely misses you.
You hit the bat.
You kill the bat!
Your Fighting skill increases to level 2!
You closely miss the hobgoblin. The hobgoblin hits you with a +0 whip!
You die...

##########'#######.#.#
..... #b##.#.##...#
#####..# #..w.#.###..#
#..# ####.#......# #
#..# #.####..># ##
#..# #.w....#.# .#
#..#############.# .#
#..##........# #.#
.####..##.######@# #.#
.##.......# #g# #.#
.##.#..#########.###.#
.##.#................#
.##.#.##########.#####
....#.# #..# #####.#
#... # #.# ###.
#####.# ..


You could see a hobgoblin.

Vanquished Creatures
  4 bats
  4 endoplasms
  A giant cockroach (D:1)
  2 goblins (D:1)
  4 hobgoblins (D:1)
  A ball python (D:2)
  3 frilled lizards (D:1)
  A kobold (D:1)
  2 rats (D:1)
22 creatures vanquished.

Vanquished Creatures (others)
  3 fungi (D:2)
  2 plants (D:2)
5 creatures vanquished.

Grand Total: 27 creatures vanquished

Notes
Turn   | Place    | Note
-------+----------+-------------------------------------------
     0 | D:1      | gimp the Mummy Wanderer began the quest for the Orb.
     0 | D:1      | gimp set off with the following items: a +2 mace, 13
                  | poisoned darts, a +0 dagger, a +0 leather armour; and the
                  | following spell memorised: Summon Small Mammal; and the
                  | following spells available to memorise: Call Canine
                  | Familiar
     0 | D:1      | Reached XP level 1. HP: 13/13 MP: 2/2
     2 | D:1      | Noticed a draconian
     2 | D:1      | Noticed a merfolk
     4 | D:1      | Noticed an octopode
     4 | D:1      | Noticed a tengu
     6 | D:1      | Noticed a gargoyle
     8 | D:1      | Noticed a naga
     8 | D:1      | Noticed a demonspawn
    12 | D:1      | Noticed a vine stalker
    12 | D:1      | Noticed a troll
    14 | D:1      | Noticed a felid
    14 | D:1      | Noticed a spriggan
    16 | D:1      | Noticed a human
    16 | D:1      | Noticed an elf
    18 | D:1      | Noticed a vampire
    18 | D:1      | Noticed a ghoul
    20 | D:1      | Noticed a dwarf
    20 | D:1      | Noticed a minotaur
    22 | D:1      | Noticed a demigod
    24 | D:1      | Noticed a formicid
    24 | D:1      | Noticed an ogre
   341 | D:1      | Reached skill level 1 in Fighting
   455 | D:1      | Reached XP level 2. HP: 19/21 MP: 4/4
  1461 | D:2      | Found a faded altar of an unknown god.
  1598 | D:2      | Slain by a hobgoblin

Illustrated notes

Levels and vault maps discovered:
D:1:      kb_arrival_jail, layout_loops_ring,
          hangedman_abyss_or_decor_lesser_grid
D:2:      layout_basic, dreamdust_ecumenical_altar_grove,
          chequers_hall_statues_corner_a, kennysheep_generic_room_16

Skill      XL: |  1  2 |
---------------+-------+-----
Fighting       | 1 2 |  2.0
Maces & Flails | 2 |  2.0
Throwing       | |  2.4
Dodging        | |  1.5
Spellcasting   | |  1.3
Summonings     | |  1.5

Action                   || total
-------------------------++-------
Melee: Mace              ||    63
Armor: Leather armour    ||    28
Dodge: Dodged            ||    58

Table legend: (Time is in decaauts)
 A = Elapsed time spent in this place.
 B = Non-inter-level travel time spent in this place.
 C = Inter-level travel time spent in this place.
 D = Time resting spent in this place.
 E = Time spent auto-exploring this place.
 F = Levels seen in this place.
 G = Mean time per level.
                   A        B        C        D        E       F      G
               +--------+--------+--------+--------+--------+-----+--------+
         Total |   1616 |   1558 |     58 |      0 |   1344 |   2 |  808.0 |
       Dungeon |   1616 |   1558 |     58 |      0 |   1344 |   2 |  808.0 |
               +--------+--------+--------+--------+--------+-----+--------+

Top non-repeatable levels by time:
     D:1: 1193 daAuts
     D:2: 422 daAuts
